 Dungeon Crawl Stone Soup version 0.30-a0-930-gb9d0489357 (webtiles) character file.

Game seed: 15224365654100865616

28 cforsyth the Caller (level 3, -4/31 HPs)
             Began as an Ogre Summoner on Mar 24, 2023.
             Slain by an iguana (10 damage)
             ... on level 2 of the Dungeon.
             The game lasted 00:02:49 (1258 turns).

cforsyth the Caller (Ogre Summoner)                 Turns: 1258, Time: 00:02:50

Health: -4/31      AC:  3    Str: 12    XL:     3   Next: 14%
Magic:  2/7        EV: 10    Int: 18    God:
Gold:   32         SH:  0    Dex:  9    Spells: 4/7 levels left

rFire   . . .      SeeInvis .    (no weapon)
rCold   . . .      Faith    .    (no shield)
rNeg    . . .      Spirit   .    a - +0 robe
rPois   .          Reflect  .    (helmet restricted)
rElec   .          Rampage  .    (no cloak)
rCorr   .                        (gloves unavailable)
Will    .....                    (boots unavailable)
Stlth   ++                       (no amulet)
HPRegen 0.25/turn                (no ring)
MPRegen 0.10/turn                (no ring)

@: no status effects
A: large, unfitting armour, tough skin 1
a: no special abilities


You were on level 2 of the Dungeon.
You visited 1 branch of the dungeon, and saw 2 of its levels.

You collected 32 gold pieces.

Inventory:

Armour
 a - a +0 robe (worn)
Potions
 b - a potion of magic
 c - a potion of heal wounds {unknown}
 d - 2 potions of curing {unknown}
 e - a potion of degeneration {unknown}
 f - a potion of lignification {unknown}


   Skills:
 + Level 2.2 Dodging
 + Level 1.8 Stealth
 + Level 2.9 Spellcasting
 + Level 3.8 Summonings


You had 4 spell levels left.
You knew the following spells:

 Your Spells              Type           Power      Damage    Failure   Level
a - Summon Small Mammal   Summ           64%        N/A       3%          1
b - Call Imp              Summ           16%        N/A       4%          2

Your spell library contained the following spells:

 Spells                   Type           Power      Damage    Failure   Level
 Call Canine Familiar     Summ           16%        N/A       10%         3
 Summon Guardian Golem    Hex/Summ       9%         N/A       22%         3
 Summon Lightning Spire   Summ/Air       9%         N/A       58%         4


Dungeon Overview and Level Annotations

Branches:
Dungeon (2/15)

Altars:


Innate Abilities, Weirdness & Mutations

You are too large for most types of armour.
You have tough skin. (AC +1)


Message History

The endoplasm hits your crimson imp.
Your crimson imp hits the endoplasm.
The endoplasm hits your crimson imp but does no damage.
Your crimson imp hits the endoplasm.
The endoplasm dies!
Magic restored.
You swap places.
You swap places.
Your crimson imp blinks!
You swap places.
Your crimson imp disappears in a puff of smoke!
An iguana comes into view.
The iguana hisses angrily.
An iguana is nearby!
An iguana is nearby!
An iguana is nearby!
Casting: Call Imp (safe; 4% risk of failure)
Confirm with . or Enter, or press ? or * to list all spells.
A beastly little devil appears in a puff of flame.
Your crimson imp blinks!
Your crimson imp blinks!
The iguana bites you. The iguana bites you!
Casting: Call Imp (safe; 4% risk of failure)
Confirm with . or Enter, or press ? or * to list all spells.
A beastly little devil appears in a puff of frigid air.
Your crimson imp disappears in a puff of smoke!
The iguana bites you!
* * * LOW HITPOINT WARNING * * *
You swap places.
Your white imp barely misses the iguana.
Unknown command.
Unknown command.
Casting: Call Imp (safe; 4% risk of failure)
Confirm with . or Enter, or press ? or * to list all spells.
Your white imp gestures at the iguana.
The puff of frost hits the iguana!
The iguana closely misses you.
Your quokka bites the iguana but does no damage.
Your white imp hits the iguana.
Your white imp freezes the iguana.
The iguana seems to slow down.
The iguana bites you!
You die...

##.##
#...###############
...............ยง..#
#...#############.#
##.## #.# ...# ###
#.#####.# ####
#...###5....... #
##.#....l#####.#
###### ^......@r#
.....# ########..#
####.# ##.# ####.##
..# ....... ..#
####.#. ..# # #. #
#. #


You could see an iguana (slow, ally target), a friendly white imp (summoned) and
a friendly quokka (summoned).

Vanquished Creatures
  A jackal (D:1)
1 creature vanquished.

Vanquished Creatures (collateral kills)
  2 dart slugs (D:1)
  3 bats (D:1)
  4 endoplasms
  3 goblins (D:1)
  3 hobgoblins
  A jackal (D:1)
  A kobold (D:1)
  2 frilled lizards
  2 rats (D:1)
21 creatures vanquished.

Grand Total: 22 creatures vanquished

Notes
Turn   | Place    | Note
-------+----------+-------------------------------------------
     0 | D:1      | cforsyth the Ogre Summoner began the quest for the Orb.
     0 | D:1      | Reached XP level 1. HP: 16/16 MP: 3/3
   219 | D:1      | Reached XP level 2. HP: 16/24 MP: 3/5
   275 | D:1      | Learned a level 2 spell: Call Imp
   978 | D:1      | Reached XP level 3. HP: 25/31 MP: 1/7
  1258 | D:2      | Slain by an iguana

Illustrated notes

Levels and vault maps discovered:
D:1:      lemuel_arrival_behind_the_door_large, layout_basic
D:2:      cheibrodos_pilgrimage, layout_loops_ring

Skill      XL: |  1 |
---------------+----+-----
Dodging        | 2 |  2.2
Stealth        | |  1.8
Spellcasting   | |  2.9
Summonings     | |  3.8

Action                     || total
---------------------------++-------
  Melee: Unarmed           ||     5
   Cast: Summon Small Mamm ||    31
         Call Imp          ||    10
 Armour: Robe              ||    11
  Dodge: Dodged            ||    27

Table legend: (Time is in decaauts)
 A = Elapsed time spent in this place.
 B = Non-inter-level travel time spent in this place.
 C = Inter-level travel time spent in this place.
 D = Time resting spent in this place.
 E = Time spent auto-exploring this place.
 F = Levels seen in this place.
 G = Mean time per level.
                   A        B        C        D        E       F      G
               +--------+--------+--------+--------+--------+-----+--------+
         Total |   1257 |   1204 |     53 |      0 |    965 |   2 |  628.5 |
       Dungeon |   1257 |   1204 |     53 |      0 |    965 |   2 |  628.5 |
               +--------+--------+--------+--------+--------+-----+--------+

Top non-repeatable levels by time:
     D:1: 1149 daAuts
     D:2: 108 daAuts
